 Dungeon Crawl Stone Soup version 0.26.1-11-gd32895ea62 (webtiles) character file.

Game seed: 17940113827114134487

21240 greenreed the Destroyer (level 12, -2/110 HPs)
             Began as a Gnoll Conjurer on July 3, 2021.
             Was an Elder of Sif Muna.
             Slain by a yak (7 damage)
             ... in an ice cave on July 4, 2021.
             The game lasted 01:43:26 (17847 turns).

greenreed the Destroyer (Gnoll Conjurer)           Turns: 17847, Time: 01:43:26

Health: -2/110     AC:  8    Str:  9    XL:     12   Next: 87%
Magic:  23/34      EV: 15    Int: 26    God:    Sif Muna [****..]
Gold:   913        SH:  0    Dex: 14    Spells: 15/29 levels left

rFire    x . .     SeeInvis .     - Unarmed
rCold    + + +     Faith    .   (shield currently unavailable)
rNeg     . . .     Spirit   .   (armour currently unavailable)
rPois    +         Reflect  .   (helmet currently unavailable)
rElec    .         Harm     .   (cloak currently unavailable)
rCorr    .         Rampage  .   (gloves currently unavailable)
Will     .....                  (boots currently unavailable)
Stlth    ++++......             G - amulet of magic regeneration
HPRegen  0.28/turn              A - ring of magical power
MPRegen  0.49/turn              p - ring of wizardry

@: ice-form
A: large, distributed training, strong nose
a: End Transformation, Renounce Religion, Channel Magic, Forget Spell, Divine
Exegesis


You were in an ice cave.
You worshipped Sif Muna.
Sif Muna was greatly pleased with you.
You were a creature of crystalline ice.
You visited 2 branches of the dungeon, and saw 13 of its levels.
You also visited: Ice Cave.

You collected 913 gold pieces.

Inventory:

Hand Weapons
 T - the +12 glaive of Prune (melded) {vorpal}
   (You found it on level 9 of the Dungeon)

   It inflicts extra damage upon your enemies.
Missiles
 t - 69 poisoned darts
 Z - 7 atropa-tipped darts
Armour
 a - a +0 robe (melded)
 C - a +0 cloak of willpower (melded)
 F - a +0 pair of gloves (melded)
 I - a +0 helmet (melded)
Jewellery
 c - an uncursed ring of protection from fire {unknown}
 f - an uncursed ring of wizardry
 p - a ring of wizardry (right front paw)
 A - a ring of magical power (left front paw)
 E - an uncursed amulet of regeneration
 G - an amulet of magic regeneration (around neck)
 O - an uncursed amulet of guardian spirit
 W - an uncursed ring of flight
Wands
 r - a wand of paralysis (6)
 z - a wand of digging (4)
 J - a wand of random effects (35)
 M - a wand of flame (33)
 Q - a wand of iceblast (9)
 V - a wand of polymorph (13)
Scrolls
 b - 4 scrolls of teleportation
 g - 3 scrolls of immolation
 h - 2 scrolls of amnesia
 i - 2 scrolls of noise {unknown}
 l - a scroll of summoning {unknown}
 m - a scroll of fear {unknown}
 o - 2 scrolls of enchant weapon
 q - 2 scrolls of magic mapping
 v - 4 scrolls of fog
 K - a scroll of enchant armour {unknown}
 P - a scroll of blinking {unknown}
 R - 3 scrolls of identify
 U - 2 scrolls of vulnerability {unknown}
Potions
 e - a potion of brilliance {unknown}
 j - a potion of invisibility {unknown}
 k - 5 potions of curing
 n - 4 potions of lignification
 s - 2 potions of heal wounds
 u - a potion of magic {unknown}
 w - 3 potions of might
 x - 2 potions of flight
 B - a potion of ambrosia {unknown}
 H - a potion of attraction {unknown}
 L - a potion of resistance {unknown}
 S - 2 potions of berserk rage {unknown}
 X - a potion of haste {unknown}
Miscellaneous
 d - a condenser vane


   Skills:
 + Level 7.7 Fighting
 + Level 7.7 Short Blades
 + Level 7.7 Long Blades
 + Level 7.7 Axes
 + Level 7.7 Maces & Flails
 + Level 7.7 Polearms
 + Level 7.7 Staves
 + Level 7.7 Slings
 + Level 7.7 Bows
 + Level 7.7 Crossbows
 + Level 7.7 Throwing
 + Level 7.7 Armour
 + Level 9.0 Dodging
 + Level 8.8 Stealth
 + Level 7.7 Shields
 + Level 7.7 Unarmed Combat
 + Level 9.2 Spellcasting
 + Level 9.6 Conjurations
 + Level 6.4 Hexes
 + Level 6.4 Summonings
 + Level 6.4 Necromancy
 + Level 6.4 Translocations
 + Level 6.4 Transmutations
 + Level 6.4 Fire Magic
 + Level 6.4 Ice Magic
 + Level 6.4 Air Magic
 + Level 6.4 Earth Magic
 + Level 6.4 Poison Magic
 + Level 8.4 Invocations
 + Level 7.7 Evocations


You had 15 spell levels left.
You knew the following spells:

 Your Spells              Type           Power        Failure   Level
a - Magic Dart            Conj           100%         1%          1
b - Searing Ray           Conj           100%         1%          2
c - Dazzling Flash        Conj/Hex       100%         1%          3
d - Iskenderun's Mystic   Conj/Tloc      52%          1%          4
e - Ice Form              Ice/Tmut       45%          1%          4

Your spell library contained the following spells:

 Spells                   Type           Power        Failure   Level
 Animate Skeleton         Necr           90%          1%          1
 Beastly Appendage        Tmut           90%          1%          1
 Pain                     Necr           100%         1%          1
 Summon Small Mammal      Summ           100%         1%          1
 Blink                    Tloc           N/A          1%          2
 Call Imp                 Summ           45%          1%          2
 Slow                     Hex            45%          1%          2
 Wereblood                Tmut           45%          1%          2
 Confusing Touch          Hex            45%          1%          3
 Conjure Flame            Conj/Fire      52%          1%          3
 Gell's Gravitas          Tloc           22%          1%          3
 Mephitic Cloud           Conj/Pois/Air  50%          1%          3
 Spider Form              Tmut/Pois      22%          1%          3
 Vampiric Draining        Necr           22%          1%          3
 Animate Dead             Necr           22%          1%          4
 Fulminant Prism          Conj/Hex       26%          1%          4
 Petrify                  Tmut/Erth      45%          1%          4
 Irradiate                Conj/Tmut      26%          1%          5
 Agony                    Necr           45%          4%          5
 Blade Hands              Tmut           22%          4%          5
 Metabolic Englaciation   Hex/Ice        22%          4%          5
 Summon Forest            Summ/Tloc      22%          4%          5
 Yara's Violent Unravell  Hex/Tmut       22%          4%          5
 Hydra Form               Tmut           22%          22%         6
 Statue Form              Tmut/Erth      30%          22%         6
 Spellforged Servitor     Conj/Summ      26%          50%         7
 Dragon Form              Tmut           22%          73%         7
 Malign Gateway           Summ/Tloc      22%          73%         7
 Summon Hydra             Summ           22%          73%         7


Dungeon Overview and Level Annotations

Branches:
Dungeon (11/15)            Temple (0/1) D:7            Lair (2/6) D:10
  Snake (0/4) Lair:2        IceCv (1/1)
  Swamp: Lair:2-4    Shoals: Lair:2-4       Orc: D:9-12

Altars:
Elyvilon
Gozag
Hepliaklqana
Okawaru
Sif Muna
Trog
Zin

Annotations:
Lair:1 1 runed translucent door


Innate Abilities, Weirdness & Mutations

Your experience applies equally to all skills.
((You have very sharp teeth.))
Your uncanny sense of smell can sniff out nearby items.


Message History

The yak slams into the ice covered rock wall!
The mystic blast hits the polar bear!
The polar bear is heavily wounded.
The polar bear is knocked back by the mystic blast.
The mystic blast hits the yak.
The yak is moderately wounded.
The yak is knocked back by the mystic blast.
The yak slams into the ice covered rock wall!
Casting: Iskenderun's Mystic Blast (mildly dangerous; 1% risk of failure)
Confirm with . or Enter, or press ? or * to list all spells.
You erupt in a blast of force!
The mystic blast hits the yak.
The yak is severely wounded.
The yak is knocked back by the mystic blast.
The yak slams into the ice covered rock wall!
The mystic blast hits the yak!!
The yak is severely wounded.
The yak is knocked back by the mystic blast.
The yak slams into the ice covered rock wall!
The yak completely misses you. The yak gores you!
You die...

#### #### ##..##
##..#####....##
#....##..Y....#
#.......#...†h†÷Y.∩.#
#......###..†..Y....#
.#...## ##..##....##
....# ######..## ....
#### ... ..


You could see a polar bear and 2 yaks.

Vanquished Creatures
  3 two-headed ogres
  3 unseen horrors
  A cyclops (D:11)
  Maurice (D:10)
  Joseph (D:9)
  4 cane toads
  2 gargoyles
  2 komodo dragons (Lair:1)
  5 polar bears
  A troll (D:11)
  A blink frog (Lair:2)
  The ghost of Incognito the Firebug, an amateur DsFE of Yredelemnul (D:3)
  Sigmund (D:2)
  2 wyverns
  11 yaks
  Grum (D:8)
  2 basilisks
  12 water moccasins
  Duvessa (D:4)
  6 orc warriors
  4 black bears
  4 ice beasts
  4 sky beasts
  11 wolves
  4 phantoms
  2 ogres
  4 centaurs
  A big kobold (D:7)
  Blork the orc (D:3)
  13 bullfrogs
  A gnoll sergeant (D:7)
  A wyvern zombie (D:11)
  Dowan (D:4)
  8 scorpions
  A water moccasin skeleton (D:10)
  9 killer bees (D:10)
  14 wights
  2 howler monkeys
  2 bullfrog zombies
  A centaur zombie (D:10)
  2 quasits
  9 hounds
  5 jellies
  5 bullfrog skeletons
  2 centaur skeletons
  12 orc priests
  Crazy Yiuf (D:4)
  21 orc wizards
  2 iguanas
  Ijyb (D:3)
  Natasha (thrice) (D:4)
  14 worker ants
  A hound zombie (D:6)
  2 hound skeletons
  A worker ant zombie (D:7)
  11 gnolls
  14 adders
  2 shadow imps
  15 white imps
  5 ufetubi
  An ooze (D:3)
  2 adder skeletons
  2 worms (D:6)
  7 leopard geckos
  62 orcs
  A ball python (D:2)
  3 giant cockroaches
  11 goblins
  9 hobgoblins
  7 jackals
  6 quokkas
  8 bats
  5 frilled lizards
  14 kobolds
  A leopard gecko skeleton (D:8)
  A leopard gecko zombie (D:5)
  2 quokka zombies
  5 rats
424 creatures vanquished.

Vanquished Creatures (others)
  2 blink frogs (Lair:2)
  62 fungi
  38 plants
  8 toadstools (Lair:1)
110 creatures vanquished.

Grand Total: 534 creatures vanquished

Notes
Turn   | Place    | Note
-------+----------+-------------------------------------------
     0 | D:1      | greenreed the Gnoll Conjurer began the quest for the Orb.
     0 | D:1      | Reached XP level 1. HP: 13/13 MP: 6/6
   194 | D:1      | Reached XP level 2. HP: 19/19 MP: 4/7
   874 | D:2      | Reached XP level 3. HP: 25/25 MP: 7/9
   900 | D:2      | Noticed Sigmund
   905 | D:2      | Learned a level 2 spell: Searing Ray
   909 | D:2      | Learned a level 3 spell: Dazzling Flash
   915 | D:2      | Reached skill level 5 in Spellcasting
   916 | D:2      | Killed Sigmund
   917 | D:2      | Reached skill level 1 in Fighting
   917 | D:2      | Reached skill level 1 in Short Blades
   917 | D:2      | Reached skill level 1 in Long Blades
   917 | D:2      | Reached skill level 1 in Axes
   917 | D:2      | Reached skill level 1 in Maces & Flails
   917 | D:2      | Reached skill level 1 in Polearms
   917 | D:2      | Reached skill level 1 in Staves
   917 | D:2      | Reached skill level 1 in Slings
   917 | D:2      | Reached skill level 1 in Bows
   917 | D:2      | Reached skill level 1 in Crossbows
   917 | D:2      | Reached skill level 1 in Throwing
   917 | D:2      | Reached skill level 1 in Armour
   917 | D:2      | Reached skill level 1 in Shields
   917 | D:2      | Reached skill level 1 in Unarmed Combat
   917 | D:2      | Reached skill level 1 in Hexes
   917 | D:2      | Reached skill level 1 in Summonings
   917 | D:2      | Reached skill level 1 in Necromancy
   917 | D:2      | Reached skill level 1 in Translocations
   917 | D:2      | Reached skill level 1 in Transmutations
   917 | D:2      | Reached skill level 1 in Fire Magic
   917 | D:2      | Reached skill level 1 in Ice Magic
   917 | D:2      | Reached skill level 1 in Air Magic
   917 | D:2      | Reached skill level 1 in Earth Magic
   917 | D:2      | Reached skill level 1 in Poison Magic
   917 | D:2      | Reached skill level 1 in Invocations
   917 | D:2      | Reached skill level 1 in Evocations
   917 | D:2      | Reached XP level 4. HP: 25/32 MP: 4/11
   917 | D:2      | Reached XP level 5. HP: 28/37 MP: 4/12
  1739 | D:3      | Learned a level 4 spell: Iskenderun's Mystic Blast
  1771 | D:3      | Reached XP level 6. HP: 39/44 MP: 5/13
  2260 | D:3      | Reached skill level 5 in Dodging
  2778 | D:3      | Noticed Blork the orc
  2778 | D:3      | Noticed Ijyb
  3444 | D:3      | Killed Ijyb
  3646 | D:3      | Killed Blork the orc
  3647 | D:3      | Reached XP level 7. HP: 50/50 MP: 9/15
  3690 | D:3      | Found a shimmering blue altar of Sif Muna.
  3702 | D:3      | Became a worshipper of Sif Muna the Loreminder
  4264 | D:4      | Found a runed translucent door.
  4272 | D:4      | Noticed Incognito's ghost (amateur DsFE)
  4276 | D:4      | Reached skill level 5 in Stealth
  4532 | D:3      | Killed Incognito's ghost
  4533 | D:3      | Reached XP level 8. HP: 46/57 MP: 4/16
  4843 | D:4      | Noticed Natasha
  4847 | D:4      | Killed Natasha
  4906 | D:4      | Noticed Dowan
  4907 | D:4      | Noticed Duvessa
  4910 | D:4      | Killed Dowan
  5111 | D:4      | Noticed Natasha
  5114 | D:4      | Killed Natasha
  5130 | D:4      | Noticed Natasha
  5135 | D:4      | Killed Natasha
  5193 | D:4      | Killed Duvessa
  5339 | D:4      | Found a runed translucent door.
  5340 | D:4      | Noticed Crazy Yiuf
  5349 | D:4      | Killed Crazy Yiuf
  5462 | D:4      | Found a glowing silver altar of Zin.
  5491 | D:5      | Entered Level 5 of the Dungeon
  5608 | D:5      | Reached * piety under Sif Muna
  6831 | D:6      | Reached XP level 9. HP: 56/65 MP: 18/18
  7069 | D:6      | Found an opulent altar of Gozag.
  7499 | D:6      | Reached ** piety under Sif Muna
  7708 | D:6      | Found a white marble altar of Elyvilon.
  7709 | D:6      | Found an iron altar of Okawaru.
  7804 | D:6      | Reached skill level 5 in Invocations
  8049 | D:7      | Found a staircase to the Ecumenical Temple.
  8401 | D:7      | Reached XP level 10. HP: 73/73 MP: 20/20
  8455 | D:7      | Reached *** piety under Sif Muna
  8827 | D:7      | Found a hazy altar of Hepliaklqana.
  8886 | D:8      | Reached skill level 5 in Fighting
  8886 | D:8      | Reached skill level 5 in Short Blades
  8886 | D:8      | Reached skill level 5 in Long Blades
  8886 | D:8      | Reached skill level 5 in Axes
  8886 | D:8      | Reached skill level 5 in Maces & Flails
  8886 | D:8      | Reached skill level 5 in Polearms
  8886 | D:8      | Reached skill level 5 in Staves
  8886 | D:8      | Reached skill level 5 in Slings
  8886 | D:8      | Reached skill level 5 in Bows
  8886 | D:8      | Reached skill level 5 in Crossbows
  8886 | D:8      | Reached skill level 5 in Throwing
  8886 | D:8      | Reached skill level 5 in Armour
  8886 | D:8      | Reached skill level 5 in Shields
  8886 | D:8      | Reached skill level 5 in Unarmed Combat
  8886 | D:8      | Reached skill level 5 in Evocations
  8983 | D:8      | Noticed Grum
  8991 | D:8      | Killed Grum
  9429 | D:8      | Found a bloodstained altar of Trog.
  9887 | D:9      | Reached **** piety under Sif Muna
  9997 | D:9      | Noticed Joseph
 10013 | D:9      | Killed Joseph
 10399 | D:9      | Found the +12 glaive of Prune {vorpal}
 10996 | D:10     | Entered Level 10 of the Dungeon
 10997 | D:10     | Noticed a two-headed ogre
 11049 | D:10     | Killed a two-headed ogre
 11050 | D:10     | Reached XP level 11. HP: 58/81 MP: 22/22
 11170 | D:10     | Reached skill level 5 in Hexes
 11170 | D:10     | Reached skill level 5 in Summonings
 11170 | D:10     | Reached skill level 5 in Necromancy
 11170 | D:10     | Reached skill level 5 in Translocations
 11170 | D:10     | Reached skill level 5 in Transmutations
 11170 | D:10     | Reached skill level 5 in Fire Magic
 11170 | D:10     | Reached skill level 5 in Ice Magic
 11170 | D:10     | Reached skill level 5 in Air Magic
 11170 | D:10     | Reached skill level 5 in Earth Magic
 11170 | D:10     | Reached skill level 5 in Poison Magic
 11446 | D:10     | Noticed a two-headed ogre
 11452 | D:10     | Killed a two-headed ogre
 11860 | D:10     | Reached ***** piety under Sif Muna
 11922 | D:10     | Identified Joczeud's Reference Book on Companions (Sif Muna
                  | gifted it to you on level 10 of the Dungeon)
 11922 | D:10     | Received a gift from Sif Muna
 11944 | D:10     | Found a staircase to the Lair.
 12022 | D:10     | Killed an unseen horror
 12022 | D:10     | Noticed Maurice
 12606 | D:10     | Killed Maurice
 13578 | D:11     | Killed an unseen horror
 13856 | D:11     | Killed an unseen horror
 13927 | D:11     | Noticed a cyclops
 13949 | D:11     | Killed a cyclops
 13950 | D:11     | Reached XP level 12. HP: 29/89 MP: 24/24
 14903 | D:11     | Noticed a two-headed ogre
 14909 | D:11     | Killed a two-headed ogre
 15124 | Lair:1   | Entered Level 1 of the Lair of Beasts
 15690 | Lair:1   | Received a gift from Sif Muna
 16657 | Lair:1   | Noticed a catoblepas
 16657 | Lair:1   | Noticed a dire elephant
 16678 | Lair:1   | Found a runed translucent door.
 17160 | Lair:1   | HP: 4/91 [poisoned by a cane toad]
 17546 | Lair:2   | Found a frozen archway.
 17582 | IceCv    | Entered an ice cave
 17807 | IceCv    | Learned a level 4 spell: Ice Form
 17840 | IceCv    | HP: 1/110 [yak (11)]
 17847 | IceCv    | Slain by a yak

Illustrated notes

Levels and vault maps discovered:
D:1:      wander_arrival_desolate, layout_rooms
D:2:      layout_loops_cross, uniq_sigmund
D:3:      corexii_shack_village, layout_rooms, tgw_sif, uniq_ijyb
D:4:      layout_loops_cross, zin_treasury, ebering_ghost_sewer_d,
          chequers_serial_rivers_small_a, uniq_duvessa, uniq_natasha,
          uniq_crazy_yiuf_cottage
D:5:      layout_cave_pods, serial_rivers, chequers_serial_rivers_micro_d,
          chequers_serial_rivers_micro_b, chequers_serial_rivers_micro_b,
          chequers_serial_rivers_micro_e, kennysheep_cross_bottleneck,
          minivault_1, chequers_serial_rivers_small_b, grunt_decor_resistance
D:6:      minmay_razor_zed, layout_cave_pools, kennysheep_mini,
          gammafunk_temple_overflow_wave
D:7:      layout_loops_ring, lemuel_coloured_pillars_altar, temple_doors_e
D:8:      layout_basic, lemuel_doored_altar, uniq_grum
D:9:      layout_basic, uniq_joseph
D:10:     layout_basic, due_lair_maze_entry_diamond, uniq_maurice
D:11:     layout_roguey
Lair:1:   gammafunk_lair_enchanted_lake, layout_hall_layers, minmay_holes
Lair:2:   layout_long_grid, minmay_snake_entry_guardpost_small,
          portal_ice_cave_entry_imps, infiniplex_staircase_pool,
          grunt_megastairs_2
IceCv:    ice_cave_small_giant

Skill      XL: |  1  2  3  4  5  6  7  8  9 10 11 12 |
---------------+-------------------------------------+-----
Spellcasting   | 5 6 7 8 9 |  9.2
Fighting       | 1 2 3 4 5 6 7 |  7.7
Short Blades   | 1 2 3 4 5 6 7 |  7.7
Long Blades    | 1 2 3 4 5 6 7 |  7.7
Axes           | 1 2 3 4 5 6 7 |  7.7
Maces & Flails | 1 2 3 4 5 6 7 |  7.7
Polearms       | 1 2 3 4 5 6 7 |  7.7
Staves         | 1 2 3 4 5 6 7 |  7.7
Slings         | 1 2 3 4 5 6 7 |  7.7
Bows           | 1 2 3 4 5 6 7 |  7.7
Crossbows      | 1 2 3 4 5 6 7 |  7.7
Throwing       | 1 2 3 4 5 6 7 |  7.7
Armour         | 1 2 3 4 5 6 7 |  7.7
Shields        | 1 2 3 4 5 6 7 |  7.7
Unarmed Combat | 1 2 3 4 5 6 7 |  7.7
Hexes          | 1 2 3 4 5 6 |  6.4
Summonings     | 1 2 3 4 5 6 |  6.4
Necromancy     | 1 2 3 4 5 6 |  6.4
Translocations | 1 2 3 4 5 6 |  6.4
Transmutations | 1 2 3 4 5 6 |  6.4
Fire Magic     | 1 2 3 4 5 6 |  6.4
Ice Magic      | 1 2 3 4 5 6 |  6.4
Air Magic      | 1 2 3 4 5 6 |  6.4
Earth Magic    | 1 2 3 4 5 6 |  6.4
Poison Magic   | 1 2 3 4 5 6 |  6.4
Invocations    | 1 2 3 4 5 6 7 8 |  8.4
Evocations     | 1 2 3 4 5 6 7 |  7.7
Dodging        | 5 6 7 8 9 |  9.0
Stealth        | 5 6 7 8 |  8.8
Conjurations   | 8 9 |  9.6

Action                   |  1- 3 |  4- 6 |  7- 9 | 10-12 || total
-------------------------+-------+-------+-------+-------++-------
Melee: Whip              |       |     3 |       |       ||     3
       Unarmed           |       |       |     2 |    15 ||    17
       Short sword       |       |       |       |     3 ||     3
       Glaive            |       |       |       |   138 ||   138
       Bite              |       |       |       |     6 ||     6
 Cast: Magic Dart        |    38 |    84 |   180 |   209 ||   511
       Searing Ray       |     1 |    11 |    69 |   134 ||   215
       Iskenderun's Myst |       |       |     4 |    31 ||    35
       Dazzling Flash    |       |       |       |     8 ||     8
       Ice Form          |       |       |       |     2 ||     2
  Use: Potion            |       |       |     1 |     7 ||     8
       Scroll            |       |       |     1 |    15 ||    16
 Stab: Sleeping          |       |       |       |    11 ||    11
Armor: Robe              |       |       |     5 |    45 ||    50
       Skin              |       |       |       |    12 ||    12
Dodge: Dodged            |     3 |    12 |    41 |   286 ||   342
